Map: Blackrock LE

Players

RipNHammer

  • Race: Terran Terran
  • League: Master
  • Spawn Location: 7:00

Harkon - Winner!

  • Race: Protoss Protoss
  • League: Master
  • Spawn Location: 1:00

VOD

Have the link to the VOD?

Description

Time

  • Played on: Sept. 8, 2026, 5:57 p.m.
  • Length: 8:23
Show
View Real Time Build Order
Export as new Build Order

RipNHammer Terran 

Build Orders: Reaper Expand 

Get SALT Encoding   

  8  0:00  SCV  
  9  0:12  SCV  
  10  0:25  SCV  
  11  0:37  SCV  
  11  0:41  Supply Depot  
  12  0:49  SCV  
  13  0:57  Refinery  
  13  1:03  SCV  
  14  1:07  Barracks  
  14  1:15  SCV  
  15  1:28  SCV  
  16  1:40  SCV  
  17  1:58  Orbital Command  
  17  2:08  Reaper  
  18  2:19  Command Center, Supply Depot  
  18  2:28  SCV  
  18  2:40  SCV  
  18  2:43  Bunker  
  18  2:46  Marine  
  19  2:52  SCV  
  20  3:04  Marine  
  20  3:18  SCV  
  21  3:20  Barracks  
  21  3:22  Barracks  
  21  3:33  SCV  
  22  3:34  Orbital Command  
  22  3:45  Barracks Reactor, SCV  
  23  3:57  SCV  
  23  4:00  SCV  
  25  4:09  Barracks Tech Lab  
  24  4:10  SCV  
  24  4:11  Barracks Tech Lab  
  25  4:17  Orbital Command  
  25  4:20  Bunker  
  25  4:21  Marine  
  25  4:22  Marine  
  25  4:23  SCV  
  28  4:29  Marauder, Stimpack  
  28  4:31  Marine, Combat Shield  
  31  4:35  SCV  
  32  4:41  Marine x2  
  32  4:44  SCV  
  35  4:50  SCV  
  35  4:51  Supply Depot  
  36  4:53  Marine, Marauder  
  36  4:57  Supply Depot  
  36  4:58  SCV  
  40  5:04  SCV, Engineering Bay  
  40  5:06  Marine  
  42  5:12  Marine, SCV  
  44  5:22  Marine, Marauder  
  44  5:23  SCV  
  44  5:24  Marine, SCV  
  44  5:28  Supply Depot  
  50  5:32  Terran Infantry Weapons Level 1  
  51  5:35  SCV  
  51  5:37  Supply Depot, Missile Turret  
  51  5:39  Marine  
  51  5:40  SCV, Marauder  
  55  5:47  Marine  
  55  5:48  Marauder  
  58  5:54  Supply Depot  
  58  5:57  Marine  
  58  5:59  Refinery, Concussive Shells  
  58  6:02  Marauder  
  61  6:04  SCV  
  61  6:06  SCV  
  57  6:22  Marine x2, Marauder  
  57  6:23  SCV x2, Marauder  
  48  6:39  Marine  
  42  6:40  Marine  
  42  6:42  SCV  
  42  6:44  Marauder, Marine  
  42  6:46  SCV  
  49  6:53  Bunker  
  49  6:57  Marine  
  49  6:58  Marine  
  49  6:59  Bunker, Supply Depot  
  51  7:02  Marine  
  45  7:10  Marine  
  45  7:11  SCV x2  
  45  7:15  Marine x2  
  46  7:20  Marauder  
  47  7:23  SCV  
  35  7:46  Orbital Command  
  35  7:49  SCV, Marine  
  35  7:50  Marine x2, Marauder  
  39  8:01  SCV  
  40  8:11  Factory  
  42  8:20  Supply Depot  
Show
View Real Time Build Order
Export as new Build Order

Harkon Protoss - Winner!

Build Orders:  

Get SALT Encoding   

  8  0:00  Probe  
  9  0:12  Probe  
  10  0:24  Probe  
  11  0:36  Probe  
  12  0:44  Pylon  
  12  0:48  Probe  
  13  1:02  Probe (Chrono Boost), Gateway  
  14  1:11  Probe (Chrono Boost)  
  15  1:16  Probe (Chrono Boost)  
  16  1:28  Probe  
  16  1:31  Pylon  
  16  1:32  Assimilator  
  17  1:40  Probe  
  18  1:49  Zealot (Chrono Boost)  
  18  1:52  Probe  
  21  1:56  Cybernetics Core  
  21  2:04  Probe  
  22  2:16  Probe  
  23  2:32  Stalker (Chrono Boost)  
  23  2:35  Warp Gate  
  25  2:38  Nexus  
  25  2:48  Pylon  
  25  2:51  Probe  
  26  2:57  Stalker (Chrono Boost)  
  28  3:03  Probe  
  28  3:20  Probe  
  28  3:21  Assimilator  
  28  3:32  Probe, Twilight Council  
  29  3:44  Probe  
  30  3:51  Probe  
  30  3:55  Gateway x2  
  31  3:56  Probe, Gateway  
  31  4:03  Probe  
  32  4:10  Probe  
  32  4:15  Probe  
  33  4:17  Charge (Chrono Boost)  
  33  4:22  Probe  
  34  4:29  Probe  
  34  4:30  Pylon  
  35  4:34  Probe  
  36  4:41  Probe  
  36  4:44  Zealot x3  
  36  4:45  Sentry  
  45  4:50  Probe  
  46  4:53  Pylon, Probe  
  46  4:58  Zealot  
  49  5:00  Sentry  
  49  5:02  Probe  
  49  5:03  Sentry  
  54  5:07  Pylon  
  54  5:12  Probe  
  54  5:14  Probe  
  56  5:15  Pylon  
  56  5:31  Zealot x3  
  56  5:32  Sentry  
  56  5:33  Probe  
  56  5:34  Probe  
  66  5:45  Probe  
  66  5:46  Probe  
  68  5:56  Stalker x3  
  74  5:57  Zealot  
  68  6:22  Zealot x4  
  60  6:44  Zealot x4  
  60  6:45  Probe x2  
  70  6:49  Nexus  
  70  6:52  Pylon  
  70  6:53  Pylon  
  70  6:57  Probe  
  63  7:20  Zealot x4  
  63  7:22  Probe  
  62  7:39  Probe  
  62  7:40  Probe  
  62  7:49  Gateway  
  62  7:50  Gateway  
  56  7:53  Gateway x2  
  56  7:54  Nexus  
  56  7:55  Pylon  
  56  7:57  Robotics Facility  
  56  7:59  Forge  
  56  8:01  Forge  
  56  8:06  Zealot x4  
  56  8:09  Probe x2  
  56  8:10  Probe  
Tags
 
Matchup
PvT
Replay Pack
RipNHammer
Spawn Locations
Cross Positions
Add a new tag
Caveats
  • Supply blocks, unpowered buildings, or Contaminate may cause inaccurate times.
  • Supply counts are checked every 10 seconds.